 Dungeon Crawl Stone Soup version 0.23-a0-655-g3751e1c (console) character file.

162 Duffy the Firebug (level 5, -6/52 HPs)
             Began as a Demonspawn Fire Elementalist on Jan 7, 2019.
             Was a Follower of Cheibriados.
             Mangled by an ogre
             ... wielding a +0 giant spiked club
              (21 damage)
             ... on level 4 of the Dungeon.
             The game lasted 00:03:22 (3776 turns).

Duffy the Firebug (Demonspawn Fire Elementalist)    Turns: 3776, Time: 00:03:23

Health: -6/52      AC: 22    Str: 11    XL:     5   Next: 19%
Magic:  1/9        EV:  2    Int: 19    God:    Cheibriados [*.....]
Gold:   199        SH:  0    Dex: 15    Spells: 2/10 levels left

rFire    . . .     SeeInvis .   k - +0 dagger (venom)
rCold    + . .     Gourm    .   (no shield)
rNeg     + + +     Faith    .   (armour currently unavailable)
rPois    +         Spirit   .   (helmet currently unavailable)
rElec    .         Reflect  .   (cloak currently unavailable)
rCorr    .         Harm     .   (gloves currently unavailable)
MR       .....     NoTele   +   (boots currently unavailable)
Stlth    ++........             b - amulet of the acrobat
HPRegen  0.17/turn              s - ring of protection from cold
MPRegen  0.11/turn              (no ring)

@: tree-form, very slightly contaminated, very slow
A: powered by death 1
a: Bend Time, Renounce Religion


You were on level 4 of the Dungeon.
You worshipped Cheibriados.
Cheibriados was aware of your devotion.
You were hungry.
You were a tree.
You visited 1 branch of the dungeon, and saw 4 of its levels.

You collected 199 gold pieces.

Inventory:

Hand Weapons
 k - a +0 dagger of venom (weapon)
Armour
 a - a +0 robe (melded)
 n - a +0 pair of gloves (melded)
Jewellery
 b - an amulet of the acrobat (around neck)
 s - a ring of protection from cold (left branch)
Wands
 r - a wand of flame (43)
Scrolls
 e - 5 scrolls of identify {unknown}
 g - 4 scrolls of remove curse {unknown}
 i - 2 scrolls of amnesia {unknown}
 j - a scroll of blinking {unknown}
 l - 2 scrolls of teleportation {unknown}
 t - a scroll of immolation {unknown}
 u - 2 scrolls of enchant weapon {unknown}
 w - a scroll of fog {unknown}
Potions
 d - 2 potions of lignification
 f - 2 potions of might {unknown}
 h - a potion of haste {unknown}
 m - a potion of brilliance {unknown}
 o - a potion of degeneration {unknown}
 p - 2 potions of heal wounds {unknown}
 q - 3 potions of curing {unknown}
 v - 2 potions of agility {unknown}
Comestibles
 c - 6 rations


   Skills:
 - Level 1.7 Dodging
 - Level 1.7 Stealth
 + Level 3.3 Spellcasting
 + Level 3.0 Conjurations
 + Level 3.8 Fire Magic


You had 2 spell levels left.
You knew the following spells:

 Your Spells              Type           Power        Failure   Level  Hunger
h - Flame Tongue          Conj/Fire      ###..        3%          1    None
j - Sticky Flame          Conj/Fire      ###.....     36%         4    ####...
l - Conjure Flame         Conj/Fire      ###.....     11%         3    ###....

Your spell library contained the following spells:

 Spells                   Type           Power        Failure   Level  Hunger
 Throw Flame              Conj/Fire      ###...       5%          2    ##.....
 Inner Flame              Hex/Fire       ##......     21%         3    ###....
 Fireball                 Conj/Fire      ###.......   71%         5    ######.


Dungeon Overview and Level Annotations

Branches:
Dungeon (4/15)             Temple (0/1) D:4

Altars:
Cheibriados
Hepliaklqana
Kikubaaqudgha
Makhleb
Trog
Wu Jian

Annotations:
D:4 exclusion: phantom


Innate Abilities, Weirdness & Mutations

((You have large cloven feet.))
You regenerate a little health from kills.


Message History

The worker ant twitches its antennae in your direction.
You hit the ogre.
The ogre is poisoned.
The ogre is lightly wounded.
The ogre hits you with a +0 giant spiked club.
You hit the ogre.
The ogre looks as sick as possible!
The ogre is lightly wounded.
The worker ant bites you but does no damage.
The ogre hits you but does no damage.
You hit the ogre but do no damage.
The ogre looks as sick as possible!
The ogre is heavily wounded.
The worker ant bites you but does no damage.
You hit the ogre.
The ogre looks as sick as possible!
The ogre is severely wounded.
The worker ant bites you but does no damage.
The ogre hits you but does no damage.
You completely miss the ogre.
The ogre is almost dead.
The worker ant barely misses you.
The ogre hits you with a +0 giant spiked club!!
You die...

.....<..##
...........###
#....#...#...#
#... ######..###
###... ###......#
......###.###....#
#....#...#.....#
#....a.#...#..##
#....7###.###.#
##+##.O.### .#
#.### .# ... # ##.
#. . .#


You could see an ogre and a worker ant.

Vanquished Creatures
  Jessica (D:2)
  Terence (D:3)
  5 adders
  2 worms
  2 dart slugs (D:1)
  3 orcs (D:3)
  A ball python (D:2)
  8 bats
  4 giant cockroaches
  3 goblins
  4 hobgoblins
  2 jackals (D:1)
  6 frilled lizards
  7 kobolds
  8 rats
57 creatures vanquished.

Notes
Turn   | Place    | Note
-------+----------+-------------------------------------------
     0 | D:1      | Duffy the Demonspawn Fire Elementalist began the quest for
                  | the Orb.
     0 | D:1      | Reached XP level 1. HP: 13/13 MP: 3/3
   116 | D:1      | Gained mutation: You regenerate a little health from kills.
                  | [demonic ancestry]
   116 | D:1      | Reached XP level 2. HP: 19/19 MP: 1/5
  1243 | D:2      | Found an ornate altar of the Wu Jian Council.
  1245 | D:2      | Reached XP level 3. HP: 24/24 MP: 3/6
  1253 | D:2      | Learned a level 3 spell: Conjure Flame
  1404 | D:2      | Found a burning altar of Makhleb.
  1404 | D:2      | Noticed a blizzard demon
  1407 | D:2      | Noticed a hellwing
  1407 | D:2      | Noticed a smoke demon
  1702 | D:2      | Noticed Jessica
  1706 | D:2      | Killed Jessica
  1735 | D:2      | Gained mutation: You have large cloven feet. [demonic
                  | ancestry]
  1735 | D:2      | Reached XP level 4. HP: 30/30 MP: 8/8
  2084 | D:2      | Learned a level 4 spell: Sticky Flame
  2236 | D:3      | Found a hazy altar of Hepliaklqana.
  2236 | D:3      | Found an ancient bone altar of Kikubaaqudgha.
  2237 | D:3      | Found a snail-covered altar of Cheibriados.
  2244 | D:3      | Became a worshipper of Cheibriados the Contemplative
  2294 | D:3      | Found a bloodstained altar of Trog.
  2761 | D:3      | Noticed Terence
  2769 | D:3      | Killed Terence
  3160 | D:3      | Reached XP level 5. HP: 18/35 MP: 3/9
  3404 | D:4      | Reached * piety under Cheibriados
  3658 | D:4      | Found a staircase to the Ecumenical Temple.
  3725 | D:4      | Noticed a phantom
  3768 | D:4      | Noticed an ogre
  3776 | D:4      | Mangled by an ogre

Vault maps used:
D:1:      scummos_arrival_simple_fountains
D:2:      makhleb_altar_promises_db, overflow_temple_1_default, first_ration,
          minmay_tromino_v7, uniq_jessica
D:3:      lightli_temple_of_fire, gammafunk_temple_overflow_claw,
          kennysheep_nub, uniq_terence
D:4:      minmay_temple_entry_water_ring, chequers_hall_statues_corner_a,
          minmay_between

Skill      XL: |  1  2  3  4  5 |
---------------+----------------+-----
Fire Magic     | 3 |  3.8
Conjurations   | 2 3 |  3.0
Spellcasting   | 3 |  3.3
Dodging        | |  1.7
Stealth        | |  1.7

Action                   |  1- 3 |  4- 6 || total
-------------------------+-------+-------++-------
Melee: Dagger            |     6 |    66 ||    72
       Kick              |       |    12 ||    12
 Cast: Flame Tongue      |    66 |    15 ||    81
  Use: Potion            |       |     1 ||     1
 Stab: Sleeping          |     2 |     2 ||     4
  Eat: Chunk             |     2 |     7 ||     9
Armor: Robe              |    11 |     9 ||    20
       Skin              |       |     5 ||     5
Dodge: Dodged            |    50 |    49 ||    99

Table legend:
 A = Non-vault XP
 B = Vault XP
 C = Vault XP percentage of total XP
 D = Non-vault monster count
 E = Vault monster count
 F = Vault count percentage of total count
                 A         B        C        D         E       F
            +---------+---------+-------+---------+---------+-------
      Total |     156 |      76 |  32.8 |      53 |       4 |   7.0
            +---------+---------+-------+---------+---------+-------
        D:1 |      40 |       0 |   0.0 |      23 |       0 |   0.0
        D:2 |      21 |      40 |  65.6 |      11 |       3 |  21.4
        D:3 |      67 |      36 |  35.0 |      17 |       1 |   5.6
        D:4 |      28 |       0 |   0.0 |       2 |       0 |   0.0
            +---------+---------+-------+---------+---------+-------
